 Dungeon Crawl Stone Soup version 0.23-a0-650-ga4d50d4 (console) character file.

65 Duffy the Firebug (level 3, -2/24 HPs)
             Began as a Demonspawn Fire Elementalist on Jan 2, 2019.
             Slain by an orc
             ... wielding a +0 dagger
              (3 damage)
             ... on level 2 of the Dungeon.
             The game lasted 00:01:08 (1210 turns).

Duffy the Firebug (Demonspawn Fire Elementalist)    Turns: 1210, Time: 00:01:09

Health: -2/24      AC:  2    Str:  8    XL:     3   Next: 94%
Magic:  1/7        EV: 12    Int: 17    God:
Gold:   66         SH:  0    Dex: 13    Spells: 6/7 levels left

rFire    . . .     SeeInvis .   (no weapon)
rCold    . . .     Gourm    .   (no shield)
rNeg     . . .     Faith    .   a - +0 robe
rPois    .         Spirit   .   (no helmet)
rElec    .         Reflect  .   (no cloak)
rCorr    .         Harm     .   (no gloves)
MR       .....                  (no boots)
Stlth    ++........             (no amulet)
HPRegen  0.08/turn              (no ring)
MPRegen  0.10/turn              (no ring)

@: very slightly contaminated
A: claws 1
a: no special abilities


You were on level 2 of the Dungeon.
You were not hungry.

You visited 1 branch of the dungeon, and saw 2 of its levels.

You collected 66 gold pieces.

Inventory:

Armour
 a - a +0 robe (worn)
Scrolls
 d - a scroll of fear {unknown}
 e - a scroll of amnesia {unknown}
 g - a scroll of remove curse {unknown}
 h - a scroll of noise {unknown}
 i - a scroll of teleportation {unknown}
 j - 2 scrolls of identify {unknown}
Potions
 b - a potion of might {unknown}
 k - a potion of heal wounds {unknown}
Comestibles
 c - a ration
 f - 4 chunks of flesh


   Skills:
 - Level 1.7 Dodging
 - Level 1.7 Stealth
 + Level 2.8 Spellcasting
 + Level 2.2 Conjurations
 + Level 3.3 Fire Magic


You had 6 spell levels left.
You knew the following spells:

 Your Spells              Type           Power        Failure   Level  Hunger
h - Flame Tongue          Conj/Fire      ##...        5%          1    #......

Your spell library contained the following spells:

 Spells                   Type           Power        Failure   Level  Hunger
 Throw Flame              Conj/Fire      ##....       9%          2    ##.....
 Conjure Flame            Conj/Fire      ##......     17%         3    ###....
 Inner Flame              Hex/Fire       #.......     26%         3    ###....
 Sticky Flame             Conj/Fire      ##......     50%         4    #####..
 Fireball                 Conj/Fire      ##........   83%         5    ######.


Dungeon Overview and Level Annotations

Branches:
Dungeon (2/15)

Altars:


Innate Abilities, Weirdness & Mutations

You have sharp fingernails.


Message History

You closely miss the orc.
The orc is heavily wounded.
The orc closely misses you.
You scratch the orc but do no damage.
The orc is heavily wounded.
The orc closely misses you.
You closely miss the orc.
The orc is heavily wounded.
The orc hits you with a +0 dagger.
You scratch the orc but do no damage.
The orc is heavily wounded.
The orc hits you but does no damage.
You scratch the orc but do no damage.
The orc is heavily wounded.
The orc hits you with a +0 dagger.
You scratch the orc.
The orc is heavily wounded.
The orc suddenly curses.
The orc hits you with a +0 dagger.
You die...

##..#..........# ... ...
..............# ##.. ..
#.##..........# #... #.#
##.##..........#
.......#..#
..###..............##
.......
..##.##....##...........#
.......
#.#..##..######.##......#
o......##..)##...#
#.##......#
..o....#...##.o@##
#.##......#
.......#.#..)...#
##.##......#
.%.....#[..###.##
##..###.....#
...o...o...# #)# ####..##
#.....#
#########..###)###....##
#...<.#
#####..#..##..####
#...).# ##...........^##
#.....# ##............##
#######
#..............#####


You could see an orc.

Vanquished Creatures
  An orc priest (D:2)
  3 dart slugs (D:1)
  An orc (D:2)
  2 giant cockroaches (D:1)
  2 goblins (D:2)
  6 hobgoblins
  5 kobolds
  A bat (D:1)
  9 rats
30 creatures vanquished.

Notes
Turn   | Place    | Note
-------+----------+-------------------------------------------
     0 | D:1      | Duffy the Demonspawn Fire Elementalist began the quest for
                  | the Orb.
     0 | D:1      | Reached XP level 1. HP: 13/13 MP: 3/3
   132 | D:1      | Gained mutation: You have sharp fingernails. [demonic
                  | ancestry]
   132 | D:1      | Reached XP level 2. HP: 19/19 MP: 1/5
   217 | D:1      | Reached skill level 3 in Fire Magic
  1052 | D:2      | Reached XP level 3. HP: 24/24 MP: 3/6
  1209 | D:2      | HP: 1/24 [orc/+0 dagger (2)]
  1210 | D:2      | Slain by an orc

Vault maps used:
D:1:      onia_arrival_mini_maze_b, serial_forest, infiniplex_forest_pool,
          infiniplex_forest_clump_curved, infiniplex_forest_straight_4,
          infiniplex_forest_end_1, infiniplex_forest_corner_2,
          infiniplex_forest_clump_small
D:2:      first_ration

Skill      XL: |  1  2  3 |
---------------+----------+-----
Fire Magic     | 3 |  3.3
Conjurations   | 2 |  2.2
Dodging        | |  1.7
Stealth        | |  1.7
Spellcasting   | |  2.8

Action                   || total
-------------------------++-------
Melee: Unarmed           ||    17
 Cast: Flame Tongue      ||    47
  Eat: Chunk             ||     1
Armor: Robe              ||     5
Dodge: Dodged            ||    21

Table legend:
 A = Non-vault XP
 B = Vault XP
 C = Vault XP percentage of total XP
 D = Non-vault monster count
 E = Vault monster count
 F = Vault count percentage of total count
                 A         B        C        D         E       F
            +---------+---------+-------+---------+---------+-------
      Total |      94 |       0 |   0.0 |      30 |       0 |   0.0
            +---------+---------+-------+---------+---------+-------
        D:1 |      38 |       0 |   0.0 |      21 |       0 |   0.0
        D:2 |      56 |       0 |   0.0 |       9 |       0 |   0.0
            +---------+---------+-------+---------+---------+-------
